 Dungeon Crawl Stone Soup version 0.27-a0-1381-g81fdcbfb23 (webtiles) character file.

Game seed: 3095916429838683519

132 Froggeryz the Cutter (level 5, -1/54 HPs)
             Began as an Octopode Berserker on June 30, 2021.
             Was a Believer of Trog.
             Slain by a wight (7 damage)
             ... on level 3 of the Dungeon.
             The game lasted 00:03:16 (2589 turns).

Froggeryz the Cutter (Octopode Berserker)           Turns: 2589, Time: 00:03:17

Health: -1/54      AC:  1    Str: 16    XL:     5   Next: 15%
Magic:  5/5        EV: 13    Int: 10    God:    Trog [**....]
Gold:   95         SH:  0    Dex: 12    Spells: 4/4 levels left

rFire    + . .     SeeInvis .   a - +0 short sword
rCold    . . .     Faith    .   (no shield)
rNeg     . . .     Spirit   .   (helmet restricted)
rPois    .         Reflect  .   (no amulet)
rElec    .         Harm     .   g - ring of protection from fire
rCorr    .         Rampage  .   (no ring)
Will     .....                  (no ring)
Stlth    ..........             (no ring)
HPRegen  0.18/turn              (no ring)
MPRegen  0.09/turn              (no ring)
                                (no ring)
                                (no ring)

@: berserking (expiring), very quick
A: almost no armour, amphibious, 8 rings, camouflage 1, gelatinous body 1,
(nimble swimmer 1), tentacles
a: Renounce Religion, Berserk, Trog's Hand


You were on level 3 of the Dungeon.
You worshipped Trog.
Trog was pleased with you.
You visited 1 branch of the dungeon, and saw 3 of its levels.

You collected 95 gold pieces.

Inventory:

Hand Weapons
 a - a +0 short sword (weapon)
Jewellery
 e - a ring of protection from cold
 g - a ring of protection from fire (left tentacle)
 i - a ring of fire
Scrolls
 c - a scroll of summoning {unknown}
 d - a scroll of identify {unknown}
Potions
 b - a potion of flight {unknown}
 f - a potion of heal wounds {unknown}
 h - a potion of might {unknown}


   Skills:
 - Level 3.0 Fighting
 * Level 5.0 Short Blades
 - Level 3.0 Dodging
 + Level 3.6 Stealth


You had 4 spell levels left.
You didn't know any spells.
Your spell library was empty.

Dungeon Overview and Level Annotations

Branches:
Dungeon (3/15)

Altars:
Okawaru


Innate Abilities, Weirdness & Mutations

You cannot wear most types of armour.
You are amphibious.
You can wear up to eight rings at the same time.
Your skin changes colour to match your surroundings (Stealth+).
Your rubbery body absorbs attacks. (AC +1, EV +1)
((You are camouflaged near water. (Stealth+)))
You have tentacles for arms and can constrict up to eight enemies at once.


Message History

The wight is moderately damaged.
You constrict the wight, but do no damage.
You feel sick. The wight hits you with a +2 dagger.
You are too injured to fight recklessly!
A red film seems to cover your vision as you go berserk!
You feel yourself moving faster!
You feel mighty!
You constrict the wight.
You feel sick.
You are no longer poisoned.
The wight closely misses you.
A wight comes into view. It is wielding a +0 great sword.
You hit the wight.
The wight is heavily damaged.
You constrict the wight. The wight hits you with a +2 dagger!
* * * LOW HITPOINT WARNING * * *
You feel drained.
* * * LOW HITPOINT WARNING * * *
You barely miss the wight.
The wight is severely damaged.
You constrict the wight, but do no damage.
You completely miss the wight.
The wight is severely damaged.
You constrict the wight, but do no damage.
The wight completely misses you.
You hit the wight. Your squeeze misses the wight.
The wight is almost destroyed.
You constrict the wight. You puncture the wight!
You destroy the wight!
Trog accepts your kill.
Your life force feels restored.
Your Short Blades skill increases to level 5!
You have reached level 5!
You feel clever.
You hit the wight. Your grab misses the wight.
The wight is moderately damaged.
You hit the wight. You grab the wight.
The wight is heavily damaged.
You constrict the wight.
The wight hits you with a +0 great sword!
You die...

#.# #.#######
#........
#..###### #..#
#..# #..#
#..#############
#.......@z......
##.########..###
#.# # ... ##.#
#.. ###


You could see a wight.

Vanquished Creatures
  A wight (D:3)
  2 adders
  2 dart slugs (D:2)
  6 endoplasms
  4 giant cockroaches
  10 hobgoblins
  4 jackals
  5 quokkas (D:2)
  8 ball pythons
  3 bats
  2 frilled lizards
  5 goblins
  A kobold (D:1)
  9 rats
62 creatures vanquished.

Notes
Turn   | Place    | Note
-------+----------+-------------------------------------------
     0 | D:1      | Froggeryz the Octopode Berserker began the quest for the
                  | Orb.
     0 | D:1      | Reached XP level 1. HP: 16/16 MP: 1/1
   157 | D:1      | Reached skill level 1 in Stealth
   192 | D:1      | Reached XP level 2. HP: 21/21 MP: 2/2
   419 | D:1      | Reached ** piety under Trog
   559 | D:1      | Reached XP level 3. HP: 14/26 MP: 3/3
  1184 | D:2      | Reached skill level 4 in Short Blades
  1204 | D:2      | Found an iron altar of Okawaru.
  1861 | D:2      | Reached XP level 4. HP: 31/31 MP: 4/4
  2588 | D:3      | Reached skill level 5 in Short Blades
  2588 | D:3      | Reached XP level 5. HP: 6/36 MP: 5/5
  2589 | D:3      | Slain by a wight

Illustrated notes

Levels and vault maps discovered:
D:1:      shiori_arrival_elements, layout_loops_ring, minmay_split_cup_small
D:2:      minmay_inner_zag, layout_loops_corners, basic_altar,
          minmay_misc_feat_more_columns, hangedman_decor_growths
D:3:      layout_loops_ring, trog_wizard, uniq_terence, uniq_robin

Skill      XL: |  1  2  3  4 |
---------------+-------------+-----
Stealth        | 1 2 3 |  3.6
Short Blades   | 4 5 |  5.0
Fighting       | |  3.0
Dodging        | |  3.0

Action                   |  1- 3 |  4- 6 || total
-------------------------+-------+-------++-------
Melee: Short sword       |    72 |    30 ||   102
       Constrict         |    22 |     7 ||    29
       Tentacles         |    11 |     6 ||    17
Invok: Berserk           |     1 |     1 ||     2
 Stab: Sleeping          |    17 |     4 ||    21
Armor: Skin              |     1 |       ||     1
Dodge: Dodged            |    27 |    10 ||    37

Table legend: (Time is in decaauts)
 A = Elapsed time spent in this place.
 B = Non-inter-level travel time spent in this place.
 C = Inter-level travel time spent in this place.
 D = Time resting spent in this place.
 E = Time spent auto-exploring this place.
 F = Levels seen in this place.
 G = Mean time per level.
                   A        B        C        D        E       F      G
               +--------+--------+--------+--------+--------+-----+--------+
         Total |   2588 |   2477 |    111 |    280 |   1897 |   3 |  862.7 |
       Dungeon |   2588 |   2477 |    111 |    280 |   1897 |   3 |  862.7 |
               +--------+--------+--------+--------+--------+-----+--------+

Top non-repeatable levels by time:
     D:2: 1383 daAuts
     D:1: 1128 daAuts
     D:3: 77 daAuts
